2340 views
Uploaded 2021-09-15 01:29:13
Game version 1.32.10
24:49 long 1on1 ladder game on (4)TurtleRock
Saved by aom
2340 views
Uploaded 2021-09-15 01:29:13
Game version 1.32.10
24:49 long 1on1 ladder game on (4)TurtleRock

39 units @ 4.9k
/ 0.4k
15 buildings @ 2.4k
/ 0.7k



| Rod of Necromancy | 3 | 450 |
| Potion of Healing | 1 | 150 |
| Dust of Appearance | 1 | 75 |
| Scroll of Town Portal | 1 | 350 |
| Scroll of Healing | 3 | 750 |
| Boots of Speed | 1 | 250 |
| Scroll of Protection | 1 | 150 |
| Potion of Lesser Invulnerability | 1 | 150 |
| Circlet of Nobility | 1 | 175 |
| Periapt of Vitality | 1 | 325 |
| total: | 14 | 2825g |
| Acolyte | 12 | 900 | / | 0 |
| Ghoul | 17 | 2040 | / | 0 |
| Gargoyle | 4 | 700 | / | 120 |
| Crypt Fiend | 1 | 215 | / | 40 |
| Obsidian Statue | 3 | 600 | / | 105 |
| Abomination | 2 | 480 | / | 140 |
| total: | 39 | 4935g | / | 405w |
| Nerubian Tower | 2 | 200 | / | 40 |
| Spirit Tower | 2 | 290 | / | 80 |
| Altar of Darkness | 1 | 180 | / | 50 |
| Ziggurat | 8 | 1200 | / | 400 |
| Crypt | 2 | 400 | / | 100 |
| Tomb of Relics | 2 | 260 | / | 60 |
| Graveyard | 1 | 215 | / | 0 |
| Slaughterhouse | 1 | 140 | / | 135 |
| Halls of the Dead | 1 | 320 | / | 210 |
| Black Citadel | 1 | 325 | / | 230 |
| total: | 15 | 2395g | / | 745w |
| 0:04 | Acolyte |
| 0:05 | Altar of Darkness |
| 0:07 | Ziggurat |
| 0:12 | Acolyte |
| 0:33 | Crypt |
| 0:58 | Tomb of Relics |
| 1:26 | Graveyard |
| 1:34 | Ghoul |
| 1:47 | Ghoul |
| 1:56 | Ghoul |
| 2:04 | Rod of Necromancy |
| 2:11 | Sleep |
| 2:20 | Ghoul |
| 2:52 | Halls of the Dead |
| 3:02 | Cannibalize |
| 3:24 | Vampiric Aura |
| 3:49 | Unholy Strength |
| 3:52 | Unholy Armor |
| 4:08 | Ziggurat |
| 4:10 | Ziggurat |
| 4:20 | Boots of Speed |
| 4:28 | Nerubian Tower |
| 5:02 | Dust of Appearance |
| 5:24 | Acolyte |
| 5:24 | Acolyte |
| 5:46 | Ghoul |
| 5:46 | Ghoul |
| 6:06 | Vampiric Aura |
| 6:58 | Gargoyle |
| 7:17 | Rod of Necromancy |
| 7:18 | Potion of Healing |
| 7:49 | Death Coil |
| 8:12 | Black Citadel |
| 8:22 | Rod of Necromancy |
| 8:39 | Ghoul |
| 8:40 | Ghoul |
| 8:43 | Improved Unholy Strength |
| 9:09 | Ghoul |
| 9:12 | Ziggurat |
| 9:36 | Crypt Fiend |
| 10:19 | Unholy Aura |
| 10:34 | Ghoul Frenzy |
| 10:50 | Scroll of Town Portal |
| 10:51 | Scroll of Healing |
| 11:38 | Sleep |
| 11:45 | Improved Unholy Armor |
| 11:49 | Acolyte |
| 11:50 | Acolyte |
| 11:58 | Gargoyle |
| 12:17 | Acolyte |
| 12:17 | Acolyte |
| 12:35 | Tomb of Relics |
| 12:36 | Ziggurat |
| 12:37 | Ziggurat |
| 12:49 | Crypt |
| 13:03 | Slaughterhouse |
| 13:31 | Death Coil |
| 13:37 | Nerubian Tower |
| 13:43 | Ghoul |
| 13:44 | Ghoul |
| 13:44 | Ghoul |
| 15:12 | Ziggurat |
| 15:13 | Ziggurat |
| 15:17 | Gargoyle |
| 15:19 | Ghoul |
| 15:28 | Obsidian Statue |
| 16:14 | Abomination |
| 16:29 | Spirit Tower |
| 16:30 | Spirit Tower |
| 17:10 | Frost Nova |
| 17:38 | Acolyte |
| 17:38 | Acolyte |
| 17:38 | Acolyte |
| 17:39 | Acolyte |
| 17:51 | Ghoul |
| 18:35 | Vampiric Aura |
| 18:47 | Ghoul |
| 18:49 | Ghoul |
| 18:53 | Scroll of Healing |
| 18:54 | Scroll of Protection |
| 18:55 | Potion of Lesser Invulnerability |
| 18:59 | Scroll of Healing |
| 19:05 | Circlet of Nobility |
| 19:05 | Periapt of Vitality |
| 19:23 | Destroyer Form |
| 19:24 | Obsidian Statue |
| 20:17 | Advanced Unholy Strength |
| 20:20 | Ghoul |
| 20:39 | Unholy Aura |
| 21:07 | Frost Armor |
| 22:03 | Gargoyle |
| 22:06 | Disease Cloud |
| 22:07 | Abomination |
| 22:08 | Obsidian Statue |
| 23:35 | Death Coil |
| Select group | 1437 |
| Right click | 698 |
| Select | 654 |
| Misc. action | 153 |
| Build/train/purchase | 113 |
| Chat | 105 |
| Use ability | 56 |
| Assign group | 39 |
| Item give/drop | 6 |
| Minimap ping | 1 |
40 units @ 4.8k
/ 0.8k
18 buildings @ 3k
/ 1.6k



| Orb of Venom | 1 | 325 |
| Staff of Preservation | 1 | 150 |
| Boots of Speed | 2 | 500 |
| Staff of Teleportation | 1 | 150 |
| total: | 5 | 1125g |
| Wisp | 22 | 1320 | / | 0 |
| Archer | 8 | 1040 | / | 80 |
| Dryad | 4 | 580 | / | 240 |
| Druid of the Claw | 2 | 510 | / | 160 |
| Chimaera | 3 | 990 | / | 210 |
| Mountain Giant | 1 | 350 | / | 100 |
| total: | 40 | 4790g | / | 790w |
| Ancient Protector | 3 | 405 | / | 240 |
| Altar of Elders | 1 | 180 | / | 50 |
| Moon Well | 6 | 1080 | / | 240 |
| Ancient of War | 1 | 150 | / | 60 |
| Hunter's Hall | 1 | 210 | / | 100 |
| Ancient of Wonders | 1 | 90 | / | 30 |
| Tree of Life | 1 | 340 | / | 185 |
| Ancient of Lore | 2 | 310 | / | 290 |
| Chimaera Roost | 2 | 280 | / | 380 |
| Tree of Ages | 1 | 320 | / | 180 |
| Tree of Eternity | 1 | 330 | / | 200 |
| total: | 18 | 3045g | / | 1575w |
| 0:03 | Altar of Elders |
| 0:04 | Wisp |
| 0:04 | Wisp |
| 0:20 | Moon Well |
| 0:22 | Wisp |
| 0:36 | Ancient of War |
| 0:39 | Wisp |
| 0:59 | Wisp |
| 1:09 | Wisp |
| 1:28 | Moon Well |
| 1:30 | Wisp |
| 1:39 | Archer |
| 1:45 | Wisp |
| 1:46 | Wisp |
| 2:14 | Shadow Strike |
| 2:27 | Archer |
| 2:41 | Moon Well |
| 2:46 | Tree of Ages |
| 2:56 | Archer |
| 3:10 | Archer |
| 3:30 | Hunter's Hall |
| 3:46 | Blink |
| 4:00 | Boots of Speed |
| 4:06 | Archer |
| 5:23 | Ancient of Lore |
| 5:24 | Improved Bows |
| 5:37 | Nature's Blessing |
| 5:43 | Ancient Protector |
| 6:00 | Moon Well |
| 6:17 | Searing Arrows |
| 6:26 | Archer |
| 6:55 | Dryad |
| 7:14 | Archer |
| 7:57 | Archer |
| 7:59 | Dryad |
| 8:08 | Abolish Magic |
| 8:11 | Trueshot Aura |
| 8:40 | Wisp |
| 8:40 | Wisp |
| 8:48 | Moon Well |
| 9:05 | Tree of Eternity |
| 9:09 | Druid of the Claw Adept Training |
| 9:20 | Shadow Strike |
| 9:34 | Ancient of Lore |
| 9:43 | Boots of Speed |
| 9:55 | Druid of the Claw |
| 10:29 | Searing Arrows |
| 10:39 | Druid of the Claw |
| 10:50 | Dryad |
| 11:32 | Marksmanship |
| 11:39 | Druid of the Claw Master Training |
| 11:41 | Moon Well |
| 11:50 | Ancient of Wonders |
| 12:15 | Wisp |
| 12:34 | Mark of the Claw |
| 12:51 | Blink |
| 13:06 | Tree of Life |
| 15:15 | Dryad |
| 15:19 | Hardened Skin |
| 15:21 | Resistant Skin |
| 15:24 | Wisp |
| 15:24 | Wisp |
| 15:25 | Wisp |
| 15:30 | Wisp |
| 15:30 | Wisp |
| 15:30 | Wisp |
| 15:30 | Wisp |
| 15:31 | Wisp |
| 15:38 | Orb of Venom |
| 16:01 | Staff of Teleportation |
| 17:12 | Mana Burn |
| 17:32 | Trueshot Aura |
| 17:42 | Staff of Preservation |
| 18:22 | Wisp |
| 18:22 | Wisp |
| 18:35 | Ancient Protector |
| 18:38 | Ancient Protector |
| 20:17 | Chimaera Roost |
| 20:44 | Chimaera Roost |
| 21:47 | Chimaera |
| 21:58 | Mountain Giant |
| 22:09 | Immolation |
| 22:11 | Chimaera |
| 23:18 | Chimaera |
| Right click | 1066 |
| Select group | 909 |
| Select | 610 |
| Misc. action | 170 |
| Build/train/purchase | 103 |
| Use ability | 95 |
| Chat | 88 |
| Assign group | 31 |
| Item give/drop | 2 |
| Esc | 1 |
โ